| TOP OF THE 1ST |
|
Staten Island Yankees batting - Pitching for Connecticut Tigers : RHP Luke Totzke
|
|
Pitching: RHP Luke Totzke
|
|
|
Batting: RHB Norimoto Miyanishi
|
0-0: Called Strike 0-1: Fly out, F9 (Flyball, 9LM, EV 93.8 MPH)
|
|
Batting: RHB Matt Thompson
|
0-0: Swinging Strike 0-1: Foul Ball, location: 2F 0-2: Ball 1-2: Ball 2-2: Foul Ball, location: 2F 2-2: Ground out 4-3 (Groundball, 4, EV 103.1 MPH)
|
|
Batting: RHB Pat Pemberton
|
0-0: Called Strike 0-1: Swinging Strike 0-2: Ball 1-2: Ball 2-2: Strikes out swinging
|
| Top of the 1st over - 0 runs, 0 hits, 0 errors, 0 left on base; Staten Island 0 - Connecticut 0 |
| BOTTOM OF THE 1ST |
|
Connecticut Tigers batting - Pitching for Staten Island Yankees : RHP Francisco Rosado
|
|
Pitching: RHP Francisco Rosado
|
|
|
Batting: RHB Janne Vihko
|
0-0: Foul Ball, location: 2F 0-1: Ball 1-1: Ball 2-1: Ball 3-1: Base on Balls
|
|
Batting: RHB Jaden Warrior
|
0-0: SINGLE (Groundball, 34D, EV 102.5 MPH) Janne Vihko to second Runner from 2nd tries for 3rd, SAFE, throw by RF made to third
|
|
Batting: LHB Nick Swank
|
0-0: Called Strike 0-1: Ball 1-1: Foul Ball, location: 2F 1-2: Ball 2-2: Strikes out swinging
|
|
Batting: RHB Zack DiCicco
|
0-0: Called Strike 0-1: Ball 1-1: Ball 2-1: Ball Wild Pitch! Janne Vihko scores Jaden Warrior to second 3-1: Called Strike 3-2: Strikes out looking
|
|
Batting: RHB Jeremiah Washington
|
0-0: Ball 1-0: Ball 2-0: Ground out 5-3 (Groundball, 5, EV 93.1 MPH)
|
| Bottom of the 1st over - 1 run, 1 hit, 0 errors, 1 left on base; Staten Island 0 - Connecticut 1 |
| TOP OF THE 2ND |
|
Staten Island Yankees batting - Pitching for Connecticut Tigers : RHP Luke Totzke
|
|
Batting: SHB Tadaaki Kondo
|
0-0: Ball 1-0: Ball 2-0: Swinging Strike 2-1: SINGLE (Groundball, 56D, EV 101.9 MPH)
|
|
Batting: SHB Adam Slade
|
0-0: Called Strike 0-1: Swinging Strike 0-2: Ball 1-2: Strikes out swinging
|
|
Batting: RHB Jesus Ruiz
|
0-0: Foul Ball, location: 2F 0-1: Fly out, F6 (Flyball, 6D, EV 86.2 MPH)
|
|
Batting: RHB Daniel Underhay
|
0-0: Ball 1-0: Foul Ball, location: 2F 1-1: Ball 2-1: Swinging Strike 2-2: Foul Ball, location: 2F 2-2: Strikes out swinging
|
| Top of the 2nd over - 0 runs, 1 hit, 0 errors, 1 left on base; Staten Island 0 - Connecticut 1 |
| BOTTOM OF THE 2ND |
|
Connecticut Tigers batting - Pitching for Staten Island Yankees : RHP Francisco Rosado
|
|
Batting: RHB Khalil Coleman
|
0-0: Ball 1-0: Ground out U3 (Groundball, 34, EV 103.8 MPH)
|
|
Batting: RHB Kaleb Yerger
|
0-0: Called Strike 0-1: Fly out, F9 (Flyball, 9S, EV 78.1 MPH)
|
|
Batting: SHB Ian Arlotta
|
0-0: Ball 1-0: Called Strike 1-1: Ball 2-1: Foul Ball, location: 2F 2-2: Strikes out swinging
|
| Bottom of the 2nd over - 0 runs, 0 hits, 0 errors, 0 left on base; Staten Island 0 - Connecticut 1 |
| TOP OF THE 3RD |
|
Staten Island Yankees batting - Pitching for Connecticut Tigers : RHP Luke Totzke
|
|
Batting: LHB Danny de Leon
|
0-0: Ball 1-0: Ball 2-0: Foul Ball, location: 2F 2-1: Ball 3-1: Fly out, F9 (Line Drive, 9, EV 90.6 MPH)
|
|
Batting: RHB Alex Blanco
|
0-0: Hit by Pitch
|
|
Batting: RHB Norimoto Miyanishi
|
0-0: Ball 1-0: Ball 2-0: Called Strike 2-1: Ball 3-1: Base on Balls Alex Blanco to second
|
|
Batting: RHB Matt Thompson
|
0-0: Called Strike 0-1: Ball 1-1: Fielders Choice at 2nd, 3-6 (Groundball, 34S, EV 86.9 MPH) Alex Blanco to third
|
|
Batting: RHB Pat Pemberton
|
0-0: Called Strike 0-1: Foul Ball, location: 2F 0-2: Ground out 5-3 (Groundball, 15, EV 90.6 MPH)
|
| Top of the 3rd over - 0 runs, 0 hits, 0 errors, 2 left on base; Staten Island 0 - Connecticut 1 |
| BOTTOM OF THE 3RD |
|
Connecticut Tigers batting - Pitching for Staten Island Yankees : RHP Francisco Rosado
|
|
Batting: LHB Zach Rose
|
0-0: Ball 1-0: Called Strike 1-1: Ground out 5-3 (Groundball, 5, EV 110.6 MPH)
|
|
Batting: RHB Janne Vihko
|
0-0: Fly out, F9 (Flyball, 9, EV 88.8 MPH)
|
|
Batting: RHB Jaden Warrior
|
0-0: Ball 1-0: Ball 2-0: Fly out, F9 (Flyball, 89M, EV 92.5 MPH)
|
| Bottom of the 3rd over - 0 runs, 0 hits, 0 errors, 0 left on base; Staten Island 0 - Connecticut 1 |
| TOP OF THE 4TH |
|
Staten Island Yankees batting - Pitching for Connecticut Tigers : RHP Luke Totzke
|
|
Batting: SHB Tadaaki Kondo
|
0-0: Swinging Strike 0-1: Ball 1-1: Swinging Strike 1-2: Ball 2-2: Strikes out looking
|
|
Batting: SHB Adam Slade
|
0-0: Ground out U3 (Groundball, 3L, EV 107.5 MPH)
|
|
Batting: RHB Jesus Ruiz
|
0-0: SINGLE (Line Drive, 3D, EV 94.4 MPH)
|
|
Batting: RHB Daniel Underhay
|
0-0: Ball 1-0: Called Strike 1-1: SINGLE (Line Drive, 89S, EV 97.5 MPH) Jesus Ruiz to second Runner from 2nd tries for 3rd, OUT! 9-5
|
| Top of the 4th over - 0 runs, 2 hits, 0 errors, 1 left on base; Staten Island 0 - Connecticut 1 |
| BOTTOM OF THE 4TH |
|
Connecticut Tigers batting - Pitching for Staten Island Yankees : RHP Francisco Rosado
|
|
Batting: LHB Nick Swank
|
0-0: Ball 1-0: Called Strike 1-1: Ground out 4-3 (Groundball, 4, EV 88.8 MPH)
|
|
Batting: RHB Zack DiCicco
|
0-0: Ball 1-0: Foul Ball, location: 2F 1-1: Foul Ball, location: 2F 1-2: Ball 2-2: Foul Ball, location: 2F 2-2: Fly out, F9 (Line Drive, 9LM, EV 91.9 MPH)
|
|
Batting: RHB Jeremiah Washington
|
0-0: Swinging Strike 0-1: Fly out, F5 (Line Drive, 5L, EV 71.9 MPH)
|
| Bottom of the 4th over - 0 runs, 0 hits, 0 errors, 0 left on base; Staten Island 0 - Connecticut 1 |
| TOP OF THE 5TH |
|
Staten Island Yankees batting - Pitching for Connecticut Tigers : RHP Luke Totzke
|
|
Batting: LHB Danny de Leon
|
0-0: Ball 1-0: Ball 2-0: Swinging Strike 2-1: Foul Ball, location: 2F 2-2: DOUBLE (Groundball, 3L, EV 101.9 MPH)
|
|
Batting: RHB Alex Blanco
|
0-0: Called Strike 0-1: Ball 1-1: Swinging Strike 1-2: Strikes out swinging
|
|
Batting: RHB Norimoto Miyanishi
|
0-0: Called Strike 0-1: Ball 1-1: Swinging Strike 1-2: Foul Ball, location: 2F 1-2: Foul Ball, location: 2F 1-2: Strikes out swinging
|
|
Batting: RHB Matt Thompson
|
0-0: Called Strike 0-1: SINGLE (Groundball, 6MD, EV 101.9 MPH) Danny de Leon to third Runner from 3rd tries for Home, SAFE, throw by CF to home
|
|
Batting: RHB Pat Pemberton
|
0-0: Ball 1-0: Foul Ball, location: 2F 1-1: Ball 2-1: Foul Ball, location: 2F 2-2: Foul Ball, location: 2F 2-2: Ball 3-2: Base on Balls Matt Thompson to second
|
|
Batting: SHB Tadaaki Kondo
|
0-0: Ball 1-0: Swinging Strike 1-1: Fly out, F9 (Line Drive, 89M, EV 91.9 MPH)
|
| Top of the 5th over - 1 run, 2 hits, 0 errors, 2 left on base; Staten Island 1 - Connecticut 1 |
| BOTTOM OF THE 5TH |
|
Connecticut Tigers batting - Pitching for Staten Island Yankees : RHP Francisco Rosado
|
|
Batting: RHB Khalil Coleman
|
0-0: Ball 1-0: Ball 2-0: Swinging Strike 2-1: Ball 3-1: SINGLE (Groundball, 34D, EV 114.4 MPH)
|
|
Batting: RHB Kaleb Yerger
|
0-0: Fielders Choice at 2nd, 3-6 (Groundball, 34S, EV 80.0 MPH)
|
|
Batting: SHB Ian Arlotta
|
0-0: Fielders Choice at 2nd, 4-6 (Groundball, 4D, EV 108.1 MPH)
|
|
Batting: LHB Zach Rose
|
0-0: Swinging Strike 0-1: Ball 1-1: Ball 2-1: Fly out, F8 (Flyball, 8RD, EV 99.4 MPH)
|
| Bottom of the 5th over - 0 runs, 1 hit, 0 errors, 1 left on base; Staten Island 1 - Connecticut 1 |
| TOP OF THE 6TH |
|
Staten Island Yankees batting - Pitching for Connecticut Tigers : RHP Luke Totzke
|
|
Batting: SHB Adam Slade
|
0-0: Foul Ball, location: 2F 0-1: Ball 1-1: Foul Ball, location: 2F 1-2: SINGLE (Groundball, 34D, EV 95.6 MPH)
|
|
Batting: RHB Jesus Ruiz
|
0-0: Called Strike 0-1: Called Strike 0-2: Foul Ball, location: 2F 0-2: Foul Ball, location: 2F 0-2: Ball 1-2: Fly out, F7 (Flyball, 7, EV 90.0 MPH)
|
|
Batting: RHB Daniel Underhay
|
0-0: Ball 1-0: Fly out, F9 (Flyball, 9, EV 96.9 MPH)
|
|
Batting: LHB Danny de Leon
|
0-0: Ball Wild Pitch! Adam Slade to second 1-0: Called Strike 1-1: Foul Ball, location: 2F 1-2: Strikes out swinging
|
| Top of the 6th over - 0 runs, 1 hit, 0 errors, 1 left on base; Staten Island 1 - Connecticut 1 |
| BOTTOM OF THE 6TH |
|
Connecticut Tigers batting - Pitching for Staten Island Yankees : RHP Francisco Rosado
|
|
Batting: RHB Janne Vihko
|
0-0: Ball 1-0: Ball 2-0: Swinging Strike 2-1: Ground out 5-3 (Groundball, 56S, EV 81.9 MPH)
|
|
Batting: RHB Jaden Warrior
|
0-0: Called Strike 0-1: Ball 1-1: Foul Ball, location: 2F 1-2: Ground out 4-3 (Groundball, 4, EV 99.4 MPH)
|
|
Batting: LHB Nick Swank
|
0-0: Ball 1-0: Ball 2-0: Fly out, F7 (Flyball, 7LMF, EV 95.6 MPH)
|
| Bottom of the 6th over - 0 runs, 0 hits, 0 errors, 0 left on base; Staten Island 1 - Connecticut 1 |
| TOP OF THE 7TH |
|
Staten Island Yankees batting - Pitching for Connecticut Tigers : RHP Luke Totzke
|
|
Batting: RHB Alex Blanco
|
0-0: Ball 1-0: Foul Ball, location: 2F 1-1: Foul Ball, location: 2F 1-2: Ground out 6-3 (Groundball, 6, EV 81.2 MPH)
|
|
Pitching: RHP Juan Murillo
|
|
|
Pinch Hitting: LHB Mike Schermerhorn
|
0-0: Swinging Strike 0-1: Swinging Strike 0-2: Ball 1-2: Ball 2-2: Foul Ball, location: 2F 2-2: Foul Ball, location: 2F 2-2: Foul Ball, location: 2F 2-2: Strikes out swinging
|
|
Batting: RHB Matt Thompson
|
0-0: Foul Ball, location: 2F 0-1: Ball 1-1: Called Strike 1-2: Strikes out swinging
|
| Top of the 7th over - 0 runs, 0 hits, 0 errors, 0 left on base; Staten Island 1 - Connecticut 1 |
| BOTTOM OF THE 7TH |
|
Connecticut Tigers batting - Pitching for Staten Island Yankees : RHP Francisco Rosado
|
|
Now in CF: Mike Schermerhorn
|
|
|
Batting: RHB Zack DiCicco
|
0-0: Ball 1-0: Ball 2-0: Ball 3-0: Called Strike 3-1: Ground out 5-3 (Groundball, 56, EV 84.4 MPH)
|
|
Batting: RHB Jeremiah Washington
|
0-0: Ball 1-0: Ball 2-0: Foul Ball, location: 2F 2-1: Foul Ball, location: 2F 2-2: Ground out 5-3 (Groundball, 56, EV 104.4 MPH)
|
|
Batting: RHB Khalil Coleman
|
0-0: Swinging Strike 0-1: Ball 1-1: SINGLE (Flyball, 4MD, EV 89.4 MPH)
|
|
Batting: RHB Kaleb Yerger
|
0-0: Called Strike 0-1: Ball 1-1: Foul Ball, location: 2F 1-2: Foul Ball, location: 2F 1-2: Ball 2-2: 2-RUN HOME RUN (Flyball, 7LD, EV 96.9 MPH), Distance : 365 ft
|
|
Batting: SHB Ian Arlotta
|
0-0: Ground out 5-3 (Groundball, 56S, EV 67.5 MPH)
|
| Bottom of the 7th over - 2 runs, 2 hits, 0 errors, 0 left on base; Staten Island 1 - Connecticut 3 |
| TOP OF THE 8TH |
|
Staten Island Yankees batting - Pitching for Connecticut Tigers : RHP Juan Murillo
|
|
Pitching: LHP Victor Villarreal
|
|
|
Batting: RHB Pat Pemberton
|
0-0: Called Strike 0-1: Ball 1-1: Swinging Strike 1-2: Ball 2-2: Strikes out looking
|
|
Batting: SHB Tadaaki Kondo
|
0-0: Called Strike 0-1: Swinging Strike 0-2: Foul Ball, location: 2F 0-2: Strikes out swinging
|
|
Batting: SHB Adam Slade
|
0-0: Hit by Pitch
|
|
Batting: RHB Jesus Ruiz
|
0-0: Called Strike 0-1: Ball 1-1: Swinging Strike 1-2: Ball 2-2: Ball 3-2: Fly out, F4 (Line Drive, 4, EV 60.6 MPH)
|
| Top of the 8th over - 0 runs, 0 hits, 0 errors, 1 left on base; Staten Island 1 - Connecticut 3 |
| BOTTOM OF THE 8TH |
|
Connecticut Tigers batting - Pitching for Staten Island Yankees : RHP Francisco Rosado
|
|
Batting: LHB Zach Rose
|
0-0: Called Strike 0-1: Ground out 5-3 (Groundball, 5, EV 78.8 MPH)
|
|
Batting: RHB Janne Vihko
|
0-0: Swinging Strike 0-1: Ball 1-1: SINGLE (Groundball, 5L, EV 99.4 MPH)
|
|
Batting: RHB Jaden Warrior
|
0-0: Ball 1-0: Ball 2-0: Ball 3-0: Base on Balls Janne Vihko to second
|
|
Pitching: LHP Colin Scott
|
|
|
Batting: LHB Nick Swank
|
0-0: Ball 1-0: Called Strike 1-1: Ball 2-1: Foul Ball, location: 2F 2-2: Strikes out swinging
|
|
Batting: RHB Zack DiCicco
|
0-0: Called Strike 0-1: Ball 1-1: Ball 2-1: Foul Ball, location: 2F 2-2: Ball 3-2: Strikes out looking
|
| Bottom of the 8th over - 0 runs, 1 hit, 0 errors, 2 left on base; Staten Island 1 - Connecticut 3 |
| TOP OF THE 9TH |
|
Staten Island Yankees batting - Pitching for Connecticut Tigers : LHP Victor Villarreal
|
|
Now at 1B: Tony Nunez
|
|
|
Batting: RHB Daniel Underhay
|
0-0: Ball 1-0: SINGLE (Groundball, 6MS, EV 76.2 MPH) (infield hit)
|
|
Pinch Hitting: RHB Brad Wren
|
0-0: Ball 1-0: Foul Ball, location: 2F 1-1: Grounds into double play, 4-6-3 (Groundball, 4, EV 89.4 MPH)
|
|
Batting: RHB Alex Blanco
|
0-0: Called Strike 0-1: Called Strike 0-2: Strikes out swinging
|
| Top of the 9th over - 0 runs, 1 hit, 0 errors, 0 left on base; Staten Island 1 - Connecticut 3 |
|